 Dungeon Crawl Stone Soup version 0.30.1-9-gdf580d7c3d (webtiles) character file.

Game seed: 3321876628596333373

3292 Bobingus the Protected (level 9, -8/79 HPs)
             Began as a Minotaur Berserker on Oct 11, 2023.
             Was a Priest of Trog.
             Killed by vampiric draining
             ... invoked by a vampire
              (18 damage)
             ... on level 9 of the Dungeon.
             The game lasted 00:28:13 (15596 turns).

Bobingus the Protected (Minotaur Berserker)        Turns: 15596, Time: 00:28:14

Health: -8/79      AC: 16    Str: 26    XL:     9   Next: 69%
Magic:  8/8        EV:  9    Int:  4    God:    Trog [***...]
Gold:   444        SH:  0    Dex: 10    Spells: 8/8 levels left

rFire   . . .        o - +1 hand axe (heavy)
rCold   . . .        (no shield)
rNeg    . . .        w - +0 plate armour
rPois   .            (helmet restricted)
rElec   .            (no cloak)
rCorr   .            (no gloves)
SInv    .            y - +0 pair of boots
Will    .....        (no amulet) Stlth
                     (no ring)
HPRegen 0.33/turn    (no ring)
MPRegen 0.11/turn

%: no passive effects
@: studying Shields
A: horns 2, retaliatory headbutt
a: Renounce Religion, Berserk, Trog's Hand


You were on level 9 of the Dungeon.
You worshipped Trog.
Trog was most pleased with you.
You visited 1 branch of the dungeon, and saw 9 of its levels.

You collected 444 gold pieces.

Inventory:

Hand Weapons
 a - a +0 hand axe
 o - a +1 heavy hand axe (weapon)
Missiles
 u - 4 javelins (quivered)
Armour
 b - a +0 animal skin
 e - a +0 ring mail
 j - a +0 scale mail
 w - a +0 plate armour (worn)
 y - a +0 pair of boots (worn)
Jewellery
 r - a ring of magical power
Wands
 v - a wand of roots (7)
Scrolls
 d - a scroll of enchant armour
 i - 3 scrolls of noise
 l - 3 scrolls of brand weapon {unknown}
 n - a scroll of summoning
 q - a scroll of fog
 s - a scroll of teleportation
Potions
 c - a potion of invisibility
 f - a potion of haste {unknown}
 g - 2 potions of curing
 h - a potion of might {unknown}
 k - 2 potions of ambrosia
 m - 2 potions of heal wounds {unknown}
 p - 2 potions of degeneration
 t - a potion of flight {unknown}
 x - a potion of magic {unknown}
 z - 2 potions of resistance


   Skills:
 + Level 7.1 Fighting
 + Level 10.2 Axes
 + Level 10.7 Armour
 + Level 5.2 Dodging
 + Level 1.4 Stealth


You had 8 spell levels left.
You didn't know any spells.
Your spell library was empty.

Dungeon Overview and Level Annotations

Branches:
Dungeon (9/15)             Temple (0/1) D:4
   Lair: D:8-11         Orc: D:9-12

Altars:

Shops:
D:2 =   D:6 *   D:8 !

Annotations:
D:7 2 transporters
D:8 Amaemon


Innate Abilities, Weirdness & Mutations

You have a pair of horns on your head.
You reflexively headbutt those who attack you in melee.


Message History

Something hits you but does no damage. Something completely misses you.
You barely miss something. Something hits you. Something bites you.
Something draws strength from your injuries!
You closely miss something. Something hits you.
Something bites you but does no damage.
You barely miss something. Your headbutt misses something.
Something hits you but does no damage. Something bites you.
Something draws strength from your injuries!
Something hits you but does no damage. Something completely misses you.
You closely miss something. Your headbutt misses something.
Something hits you but does no damage. Something bites you but does no damage.
You slash something! Something draws life force from you!
You barely miss something. Your headbutt misses something.
Something hits you but does no damage. Something bites you but does no damage.
You barely miss something. Something hits you but does no damage.
Something bites you.
Something draws strength from your injuries!
You completely miss something. You headbutt something! Something hits you!
Something bites you but does no damage.
You miss something. Your headbutt misses something. Something hits you.
Something completely misses you. Something hits you.
Something bites you but does no damage.
You hit something.
You hear some strange, mumbled words.
You are confused.
Something hits you but does no damage. Something bites you.
* * * LOW HITPOINT WARNING * * *
Something draws strength from your injuries!
You miss something. Something hits you but does no damage.
Something bites you but does no damage. Something hits you!
* * * LOW HITPOINT WARNING * * *
Something bites you but does no damage.
You are too confused!
You are too confused!
You are too confused!
You are too confused!
You feel less confused. Something draws life force from you!!
You die...

#########
#.......#
#.......#
+.@..|..#
#.......#
#.......#
#.......#
###'#####
#.##
#..##
##..#
#####.###


There were no monsters in sight!

Vanquished Creatures
  A two-headed ogre (D:7)
  Grinder (D:5)
  Prince Ribbit (D:7)
  A wyvern (D:7)
  A water moccasin (D:5)
  A sky beast (D:7)
  An orc warrior (D:7)
  An ice beast (D:6)
  2 centaurs
  7 scorpions
  3 wights
  4 killer bees (D:8)
  A hound (D:6)
  5 gnoll boudas
  3 orc priests
  A jelly (D:4)
  An orc wizard (D:6)
  6 iguanas
  2 sleepcaps (D:5)
  20 gnolls
  5 adders
  3 white imps
  An ufetubus (D:6)
  4 worms
  A dart slug (D:2)
  16 orcs
  4 endoplasms
  5 giant cockroaches
  6 goblins
  9 hobgoblins
  10 jackals
  4 quokkas
  6 ball pythons
  6 bats
  2 frilled lizards (D:2)
  7 kobolds
  A rat (D:2)
153 creatures vanquished.

Notes
Turn   | Place    | Note
-------+----------+-------------------------------------------
     0 | D:1      | Bobingus the Minotaur Berserker began the quest for the
                  | Orb.
     0 | D:1      | Reached XP level 1. HP: 19/19 MP: 0/0
   131 | D:1      | Reached XP level 2. HP: 20/27 MP: 1/1
   902 | D:1      | Reached ** piety under Trog
   903 | D:1      | Reached XP level 3. HP: 33/33 MP: 2/2
  1548 | D:2      | Found Sant's Jewellery Shop.
  2005 | D:3      | Reached XP level 4. HP: 22/41 MP: 3/3
  2812 | D:3      | Found a faded altar of an unknown god.
  3800 | D:4      | Reached skill level 5 in Axes
  3800 | D:4      | Reached XP level 5. HP: 28/47 MP: 4/4
  4042 | D:4      | Found a staircase to the Ecumenical Temple.
  4113 | D:4      | Noticed a centaur
  4128 | D:4      | Killed a centaur
  4610 | D:4      | Identified the +3 ring mail of Birdsong {Will++ Str-4}
  4619 | D:4      | Reached XP level 6. HP: 47/55 MP: 5/5
  4714 | D:4      | Reached skill level 5 in Armour
  4811 | D:4      | Reached skill level 5 in Fighting
  4897 | D:4      | Reached *** piety under Trog
  5617 | D:5      | Entered Level 5 of the Dungeon
  5794 | D:5      | Noticed Grinder
  5878 | D:5      | Noticed a water moccasin
  5882 | D:5      | Killed a water moccasin
  5883 | D:5      | Reached XP level 7. HP: 61/61 MP: 6/6
  6499 | D:5      | Paralysed by something for 5 turns
  6503 | D:5      | Killed Grinder
  7739 | D:5      | Reached XP level 8. HP: 62/70 MP: 7/7
  9057 | D:6      | Found Rocol's Gadget Gallery.
 11407 | D:7      | Noticed Prince Ribbit
 11421 | D:7      | Killed Prince Ribbit
 11422 | D:7      | Reached XP level 9. HP: 66/78 MP: 8/8
 11472 | D:7      | Reached skill level 5 in Dodging
 12610 | D:7      | Noticed a two-headed ogre
 12615 | D:7      | HP: 3/78 [two-headed ogre/+0 dire flail (5)]
 12616 | D:7      | Killed a two-headed ogre
 12617 | D:7      | Reached skill level 10 in Axes
 12617 | D:7      | Reached skill level 10 in Armour
 12617 | D:7      | Reached skill level 1 in Stealth
 13142 | D:7      | Found a transporter.
 13143 | D:7      | Noticed a troll
 13146 | D:7      | Found a transporter.
 14622 | D:8      | Noticed an orange demon
 14624 | D:8      | Noticed Amaemon
 14631 | D:8      | Found Foiliun's Distillery.
 15596 | D:9      | Killed from afar by a vampire

Illustrated notes

Levels and vault maps discovered:
D:1:      nagdon_arrival_double_spiral, layout_loops_ring
D:2:      layout_loops_ring, serial_shops, nicolae_shop_crystal
D:3:      layout_loops_corners, shapermc_ecumenical_altar_totnotflames,
          minmay_crystal_room
D:4:      layout_gridville, minmay_temple_entry_tees, kennysheep_cluttered_room,
          st_stairs_9
D:5:      layout_gridville, nicolae_grassy_gnolls, uniq_grinder
D:6:      layout_loops_corners, nicolae_shop_gadgets
D:7:      gammafunk_beogh_shrine, layout_loops_ring, uniq_prince_ribbit1
D:8:      layout_rooms, serial_shops, shop, solitary_fountain,
          minmay_manual_monstrance, uniq_amaemon
D:9:      layout_roguey, minivault_28

Skill      XL: |  1  2  3  4  5  6  7  8  9 |
---------------+----------------------------+-----
Axes           | 4 5 6 7 9 10 | 10.2
Fighting       | 4 5 6 7 |  7.1
Armour         | 3 4 6 7 9 10 | 10.7
Dodging        | 3 4 5 |  5.2
Stealth        | 1 |  1.4

Action                     |  1- 3 |  4- 6 |  7- 9 || total
---------------------------+-------+-------+-------++-------
  Melee: Hand axe          |   107 |    98 |   198 ||   403
         Headbutt          |    18 |    11 |    36 ||    65
         Punch             |       |     2 |     2 ||     4
 Invoke: Berserk           |     1 |     4 |     9 ||    14
         Trog's Hand       |       |     2 |       ||     2
    Use: Scroll            |     6 |       |    11 ||    17
         Potion            |       |       |     1 ||     1
 Armour: Animal skin       |     4 |       |       ||     4
         Ring mail         |    21 |     4 |       ||    25
         Scale mail        |       |    50 |    63 ||   113
         Plate armour      |       |       |    32 ||    32
  Dodge: Dodged            |    55 |    62 |   117 ||   234
